 Dungeon Crawl Stone Soup version 0.25.0-9-g26727b657a (webtiles) character file.

Game seed: 8700422844172425342

10847 xccam the Fighter (level 11, -4/92 HPs)
             Began as a Gnoll Wanderer on June 21, 2020.
             Was a High Priest of Cheibriados.
             Killed from afar by a tengu reaver (30 damage)
             ... with a bolt of magma
             ... on level 11 of the Dungeon.
             The game lasted 00:20:02 (13501 turns).

xccam the Fighter (Gnoll Wanderer)                 Turns: 13501, Time: 00:20:04

Health: -4/92      AC: 15    Str: 32    XL:     11   Next: 68%
Magic:  20/20      EV: 15    Int: 25    God:    Cheibriados [*****.]
Gold:   689        SH:  5    Dex: 29    Spells: 22/22 levels left

rFire    + . .     SeeInvis .   x - +1 spear (venom)
rCold    . . .     Gourm    .   (no shield)
rNeg     . . .     Faith    .   y - +0 chain mail
rPois    .         Spirit   .   m - +1 helmet (curse)
rElec    .         Reflect  +   (no cloak)
rCorr    .         Harm     .   i - +0 pair of gloves
MR       .....                  z - +0 pair of boots
Stlth    ++........             p - amulet of reflection
HPRegen  0.25/turn              F - +4 ring of protection
MPRegen  0.17/turn              s - ring of protection from fire

@: very slow
A: distributed training, fangs 1, deformed body, subdued magic 1, strong nose
a: Bend Time, Temporal Distortion, Slouch, Step From Time, Renounce Religion


You were on level 11 of the Dungeon.
You worshipped Cheibriados.
Cheibriados was extremely pleased with you.
You were not hungry.

You visited 2 branches of the dungeon, and saw 12 of its levels.
You also visited: Sewer.

You collected 689 gold pieces.

Inventory:

Hand Weapons
 x - a +1 spear of venom (weapon)
Missiles
 J - 6 silver javelins (quivered)
Armour
 i - a +0 pair of gloves (worn)
 m - a cursed +1 helmet (worn)
 y - a +0 chain mail (worn)
 z - a +0 pair of boots (worn)
Jewellery
 g - an uncursed amulet of regeneration
 n - an uncursed ring of fire
 p - an amulet of reflection (around neck)
 s - a ring of protection from fire (right hand)
 A - an uncursed amulet of regeneration
 F - a +4 ring of protection (left hand)
 I - an uncursed ring of see invisible
Wands
 e - a wand of digging (1)
 h - a wand of clouds (3)
 t - a wand of flame (35)
 L - a wand of polymorph (6)
Scrolls
 c - 9 scrolls of teleportation
 j - 4 scrolls of random uselessness
 l - a scroll of amnesia
 o - a scroll of enchant armour
 r - 4 scrolls of remove curse
 v - 2 scrolls of enchant weapon
 B - 4 scrolls of blinking
 G - a scroll of noise {unknown}
Potions
 b - 8 potions of curing
 d - 5 potions of flight
 u - 5 potions of brilliance
 w - a potion of cancellation
 C - 2 potions of stabbing
 D - 3 potions of might
 E - a potion of magic {unknown}
 K - a potion of resistance
 M - a potion of heal wounds
Miscellaneous
 a - a phantom mirror
Comestibles
 f - 19 rations


   Skills:
 + Level 10.6 Fighting
 + Level 6.4 Short Blades
 + Level 6.4 Long Blades
 + Level 6.4 Axes
 + Level 6.4 Maces & Flails
 + Level 9.2 Polearms
 + Level 6.4 Staves
 + Level 6.4 Slings
 + Level 6.4 Bows
 + Level 6.4 Crossbows
 + Level 6.4 Throwing
 + Level 6.4 Armour
 + Level 6.4 Dodging
 + Level 7.7 Stealth
 + Level 6.4 Shields
 + Level 6.4 Unarmed Combat
 + Level 6.4 Spellcasting
 + Level 5.3 Conjurations
 + Level 5.3 Hexes
 + Level 5.3 Charms
 + Level 5.3 Summonings
 + Level 5.3 Necromancy
 + Level 5.3 Translocations
 + Level 5.3 Transmutations
 + Level 5.3 Fire Magic
 + Level 5.3 Ice Magic
 + Level 5.3 Air Magic
 + Level 5.3 Earth Magic
 + Level 5.3 Poison Magic
 + Level 7.0 Invocations
 + Level 7.0 Evocations


You had 22 spell levels left.
You didn't know any spells.
Your spell library contained the following spells:

 Spells                   Type           Power        Failure   Level  Hunger
 Freeze                   Ice            ####         2%          1    None
 Sandblast                Erth           ####..       2%          1    None
 Sting                    Tmut/Pois      ####         2%          1    None
 Passwall                 Tmut/Erth      ####....     3%          2    None
 Poisonous Vapours        Pois/Air       ####..       3%          2    None
 Frozen Ramparts          Ice            ####..       8%          3    None
 Ignite Poison            Fire/Tmut/Pois ####....     8%          3    None
 Mephitic Cloud           Conj/Pois/Air  ####....     8%          3    None
 Ozocubu's Armour         Chrm/Ice       ####....     8%          3    None
 Stone Arrow              Conj/Erth      ####..       8%          3    None
 Hailstorm                Conj/Ice       ####....     28%         4    ###....
 Olgreb's Toxic Radiance  Pois           ####....     28%         4    ###....
 Petrify                  Tmut/Erth      ####....     28%         4    ###....
 Summon Ice Beast         Ice/Summ       ####....     28%         4    ###....
 Lee's Rapid Deconstruct  Erth           ####......   61%         5    #####..


Dungeon Overview and Level Annotations

Branches:
Dungeon (11/15)            Temple (1/1) D:4            Lair (0/6) D:9
  Sewer (visited)
    Orc: D:9-12

Altars:
Ashenzari
Cheibriados
Dithmenos
Elyvilon
Fedhas
Gozag
Hepliaklqana
Kikubaaqudgha
Makhleb
Nemelex Xobeh
Okawaru
Qazlal
Ru
Sif Muna
Trog
Uskayaw
Vehumet
Wu Jian
Xom
Yredelemnul
Zin
The Shining One

Shops:
D:10 *


Innate Abilities, Weirdness & Mutations

Your experience applies equally to all skills.
You have very sharp teeth.
Your uncanny sense of smell can sniff out nearby items.
Armour fits poorly on your strangely shaped body.
Your spells are a little easier to cast, but a little less powerful.


Message History

The tengu reaver hits you with a +0 great sword of distortion!
* * * LOW HITPOINT WARNING * * *
You blink.
A battlesphere comes into view.
Attack whom?
Press: ? - help, Dir - move target cursor, f/p - tengu reaver
Aim: a tengu reaver, wielding a +0 great sword of distortion and wearing a +2 ring mail of cold resistance (flame, severely wounded, extremely poisoned)
You reach to attack!
You hit the tengu reaver but do no damage.
The tengu reaver is severely wounded.
Attack whom?
Press: ? - help, Dir - move target cursor, f/p - tengu reaver
Aim: a tengu reaver, wielding a +0 great sword of distortion and wearing a +2 ring mail of cold resistance (flame, severely wounded, extremely poisoned)
You reach to attack!
You hit the tengu reaver.
The tengu reaver looks as sick as possible!
The tengu reaver is almost dead.
The tengu reaver is engulfed in blazing flames.
The tengu reaver gestures at you while chanting.
The bolt of magma hits you!! You partially resist.
You die...

...)....#..#...# **.##,,* *,*
........#.###.## ###..#,,***,*
).........#,#.# #...,,,,,,,,*
#######.###,#.#####.#*,,,,*****
#.#,*,#.......#**,,,*
#.#,*,#######.# *,,,* *#.*,*,*
#.###*,,,* ### ***,*,*
####†.#*,,,* ..# *,*,*
#@§Q###**,,* .>#
***,*#####*...#,,* ..#
*∆#:.,,,**###,>* ..#
########*****,,,,,**
..######....)#∆* *,*****
..##....######,*** *,*
..######...# *,*,* *,*
..####.)#### *,*,***,*
.....###.# *,*∆*,*,*


You could see a tengu reaver (extremely poisoned) and a battlesphere.

Vanquished Creatures
  A deep troll earth mage (D:11)
  Urug (D:10)
  Pikel (D:6)
  An ugly thing (D:10)
  A gargoyle (D:11)
  Psyche (D:10)
  Maggie (D:10)
  A komodo dragon (D:11)
  An efreet (D:11)
  Grinder (D:3)
  2 hippogriffs (D:8)
  Sigmund (D:6)
  A spriggan (D:8)
  3 wyverns
  2 hungry ghosts
  7 yaks
  Eustachio (D:4)
  3 water moccasins
  3 orc warriors
  2 sky beasts (D:10)
  A slave (D:6)
  2 black bears
  4 phantoms
  4 ogres
  4 centaurs
  3 big kobolds
  A crocodile (D:11)
  2 bullfrogs (D:9)
  A wyvern zombie (D:9)
  A wyvern skeleton (D:9)
  A scorpion (D:5)
  2 howler monkeys
  2 crimson imps
  2 bullfrog zombies
  A centaur zombie (D:7)
  2 quasits
  3 hounds
  A bullfrog skeleton (D:9)
  A jelly (D:8)
  2 gnoll shamans
  6 orc priests
  3 centaur skeletons
  6 iguanas
  8 orc wizards
  8 worker ants
  A killer bee zombie (D:10)
  A hound skeleton (D:5)
  A worker ant zombie (D:7)
  25 gnolls
  13 adders
  A shadow imp (D:9)
  An ooze (Sewer)
  3 dart slugs
  5 worms
  8 leopard geckos
  37 orcs
  6 ball pythons
  15 bats
  9 giant cockroaches
  11 goblins
  13 hobgoblins
  10 jackals
  3 quokkas
  7 frilled lizards
  26 kobolds
  A leopard gecko skeleton (D:4)
  2 leopard gecko zombies
  A quokka skeleton (D:5)
  10 rats
316 creatures vanquished.

Vanquished Creatures (others)
  An orc wizard (D:8)
  6 fungi (D:9)
7 creatures vanquished.

Grand Total: 323 creatures vanquished

Notes
Turn   | Place    | Note
-------+----------+-------------------------------------------
     0 | D:1      | xccam the Gnoll Wanderer began the quest for the Orb.
     0 | D:1      | xccam set off with the following items: a +2 spear, a
                  | potion of curing, a scroll of teleportation, a +0 robe, a
                  | +0 dagger, a ration
     0 | D:1      | Reached XP level 1. HP: 26/26 MP: 2/2
   125 | D:1      | Reached XP level 2. HP: 33/33 MP: 3/3
   469 | D:1      | Reached XP level 3. HP: 38/38 MP: 4/4
  1172 | D:2      | Reached skill level 1 in Invocations
  1357 | D:2      | Found a shimmering altar of Xom.
  1360 | D:2      | Found a shimmering blue altar of Sif Muna.
  1423 | D:2      | Found an opulent altar of Gozag.
  1545 | D:2      | Reached skill level 1 in Short Blades
  1545 | D:2      | Reached skill level 1 in Long Blades
  1545 | D:2      | Reached skill level 1 in Axes
  1545 | D:2      | Reached skill level 1 in Maces & Flails
  1545 | D:2      | Reached skill level 1 in Staves
  1545 | D:2      | Reached skill level 1 in Slings
  1545 | D:2      | Reached skill level 1 in Bows
  1545 | D:2      | Reached skill level 1 in Crossbows
  1545 | D:2      | Reached skill level 1 in Throwing
  1545 | D:2      | Reached skill level 1 in Armour
  1545 | D:2      | Reached skill level 1 in Dodging
  1545 | D:2      | Reached skill level 1 in Shields
  1545 | D:2      | Reached skill level 1 in Unarmed Combat
  1545 | D:2      | Reached skill level 1 in Spellcasting
  1545 | D:2      | Reached XP level 4. HP: 39/45 MP: 4/6
  1915 | D:2      | Found a blossoming altar of Fedhas.
  2030 | D:2      | Reached skill level 1 in Conjurations
  2030 | D:2      | Reached skill level 1 in Hexes
  2030 | D:2      | Reached skill level 1 in Charms
  2030 | D:2      | Reached skill level 1 in Summonings
  2030 | D:2      | Reached skill level 1 in Necromancy
  2030 | D:2      | Reached skill level 1 in Translocations
  2030 | D:2      | Reached skill level 1 in Transmutations
  2030 | D:2      | Reached skill level 1 in Fire Magic
  2030 | D:2      | Reached skill level 1 in Ice Magic
  2030 | D:2      | Reached skill level 1 in Air Magic
  2030 | D:2      | Reached skill level 1 in Earth Magic
  2030 | D:2      | Reached skill level 1 in Poison Magic
  2278 | D:3      | Noticed Grinder
  2305 | D:3      | Killed Grinder
  2305 | D:3      | Reached XP level 5. HP: 29/51 MP: 7/7
  2305 | D:3      | Reached XP level 6. HP: 33/57 MP: 8/8
  2617 | D:3      | Found a hazy altar of Hepliaklqana.
  2648 | D:3      | Found an ornate altar of the Wu Jian Council.
  3383 | D:4      | Found a glowing golden altar of the Shining One.
  3433 | D:4      | Reached XP level 7. HP: 59/63 MP: 10/10
  3679 | D:4      | Noticed Eustachio
  3712 | D:4      | Killed Eustachio
  3892 | D:4      | Found a staircase to the Ecumenical Temple.
  3968 | D:4      | Found a shadowy altar of Dithmenos.
  4048 | Temple   | Entered the Ecumenical Temple
  4101 | Temple   | Became a worshipper of Cheibriados the Contemplative
  4194 | D:4      | Reached skill level 9 in Fighting
  4194 | D:4      | Reached skill level 5 in Stealth
  4474 | D:4      | Reached XP level 8. HP: 64/71 MP: 12/12
  4768 | D:4      | Found an ancient bone altar of Kikubaaqudgha.
  4835 | D:5      | Entered Level 5 of the Dungeon
  5097 | D:5      | Found a glowing drain.
  5138 | Sewer    | Entered a sewer
  5146 | Sewer    | Reached * piety under Cheibriados
  5626 | D:5      | Found a radiant altar of Vehumet.
  5889 | D:6      | Found an iron altar of Okawaru.
  5935 | D:6      | Reached ** piety under Cheibriados
  6026 | D:6      | Gained mutation: Your spells are a little easier to cast,
                  | but a little less powerful. [mutagenic glow]
  6064 | D:6      | Gained mutation: Armour fits poorly on your strangely
                  | shaped body. [mutagenic glow]
  6149 | D:6      | Noticed Sigmund
  6155 | D:6      | Killed Sigmund
  6352 | D:6      | Noticed Pikel
  6396 | D:6      | Killed Pikel
  6396 | D:6      | Reached XP level 9. HP: 56/77 MP: 13/15
  6906 | D:7      | Found a white marble altar of Elyvilon.
  7315 | D:7      | Reached skill level 5 in Evocations
  8056 | D:8      | Reached *** piety under Cheibriados
  8066 | D:8      | Reached skill level 5 in Invocations
  8468 | D:8      | Found a bloodstained altar of Trog.
  8868 | D:8      | Reached XP level 10. HP: 83/84 MP: 17/17
  9449 | D:8      | Reached skill level 5 in Short Blades
  9449 | D:8      | Reached skill level 5 in Long Blades
  9449 | D:8      | Reached skill level 5 in Axes
  9449 | D:8      | Reached skill level 5 in Maces & Flails
  9449 | D:8      | Reached skill level 5 in Staves
  9449 | D:8      | Reached skill level 5 in Slings
  9449 | D:8      | Reached skill level 5 in Bows
  9449 | D:8      | Reached skill level 5 in Crossbows
  9449 | D:8      | Reached skill level 5 in Throwing
  9449 | D:8      | Reached skill level 5 in Armour
  9449 | D:8      | Reached skill level 5 in Dodging
  9449 | D:8      | Reached skill level 5 in Shields
  9449 | D:8      | Reached skill level 5 in Unarmed Combat
  9449 | D:8      | Reached skill level 5 in Spellcasting
  9688 | D:9      | Found a staircase to the Lair.
  9754 | D:9      | You fall into a shaft and drop 2 floors!
  9761 | D:10     | Entered Level 10 of the Dungeon
  9761 | D:10     | Noticed a red ugly thing
  9783 | D:10     | HP: 2/127 [ogre/+0 giant club (12)]
  9787 | D:10     | Reached **** piety under Cheibriados
  9951 | D:10     | Killed a red ugly thing
  9951 | D:10     | Reached skill level 10 in Fighting
 10821 | D:9      | Found a sacrificial altar of Ru.
 11456 | D:10     | Reached XP level 11. HP: 91/91 MP: 19/19
 11484 | D:10     | Noticed Psyche
 11485 | D:10     | Noticed Urug
 11495 | D:10     | Killed Psyche
 11524 | D:10     | Killed Urug
 11628 | D:10     | Reached ***** piety under Cheibriados
 11629 | D:10     | Noticed Maggie
 11652 | D:10     | Killed Maggie
 11792 | D:10     | Reached skill level 5 in Conjurations
 11792 | D:10     | Reached skill level 5 in Hexes
 11792 | D:10     | Reached skill level 5 in Charms
 11792 | D:10     | Reached skill level 5 in Summonings
 11792 | D:10     | Reached skill level 5 in Necromancy
 11792 | D:10     | Reached skill level 5 in Translocations
 11792 | D:10     | Reached skill level 5 in Transmutations
 11792 | D:10     | Reached skill level 5 in Fire Magic
 11792 | D:10     | Reached skill level 5 in Ice Magic
 11792 | D:10     | Reached skill level 5 in Air Magic
 11792 | D:10     | Reached skill level 5 in Earth Magic
 11792 | D:10     | Reached skill level 5 in Poison Magic
 11906 | D:10     | Found Cozayxt's Changing Room.
 12843 | D:11     | Noticed a deep troll earth mage
 12859 | D:11     | HP: 3/92 [deep troll earth mage/blast of rock fragments
                  | (31)]
 12877 | D:11     | Killed a deep troll earth mage
 13489 | D:11     | Noticed a tengu reaver
 13501 | D:11     | Killed from afar by a tengu reaver

Illustrated notes

Levels and vault maps discovered:
D:1:      scummos_arrival_simple_crosswalls, layout_basic
D:2:      layout_loops_corners, minitemple, first_ration, fedhas_altar_1
D:3:      minmay_chambers_of_threes, layout_basic,
          nicolae_overflow_crystal_walls, lemuel_round_altar,
          minmay_randomly_rotated_circles, uniq_grinder
D:4:      minmay_bubble_buster, layout_cave_pools, kennysheep_mini,
          grunt_dithmenos_smoke, overflow_temple_1_default,
          minmay_temple_entry_poolview, corexii_shack, uniq_eustachio
D:5:      layout_cave_pools, vehumet_altar_wand_db, cheibrodos_sewer_entry_bend
D:6:      layout_loops_ring, okawaru_gym_becter, grunt_tough_drop, uniq_sigmund,
          uniq_pikel
D:7:      layout_basic, elyvilon_altar_1
D:8:      layout_loops_corners, lemuel_doored_altar, the_bakery,
          kennysheep_potato
D:9:      layout_loops_ring, hangedman_ru_absence, dpeg_oklobed_lair
D:10:     layout_irregular_city, hangedman_abyss_or_decor_slice,
          nicolae_transmutations_shop, chequers_serial_rivers_micro_b,
          kennysheep_generic_room_8, uniq_maggie, uniq_urug, uniq_psyche
D:11:     minmay_chopped_fan, layout_basic, enter_bailey_3,
          nicolae_two_hexagons, uniq_snorg
Temple:   jpeg_temple_island

Skill      XL: |  1  2  3  4  5  6  7  8  9 10 11 |
---------------+----------------------------------+-----
Invocations    | 1 2 3 4 5 6 7 |  7.0
Short Blades   | 1 2 4 5 6 |  6.4
Long Blades    | 1 2 4 5 6 |  6.4
Axes           | 1 2 4 5 6 |  6.4
Maces & Flails | 1 2 4 5 6 |  6.4
Staves         | 1 2 4 5 6 |  6.4
Slings         | 1 2 4 5 6 |  6.4
Bows           | 1 2 4 5 6 |  6.4
Crossbows      | 1 2 4 5 6 |  6.4
Throwing       | 1 2 4 5 6 |  6.4
Armour         | 1 2 4 5 6 |  6.4
Dodging        | 1 2 4 5 6 |  6.4
Shields        | 1 2 4 5 6 |  6.4
Unarmed Combat | 1 2 4 5 6 |  6.4
Spellcasting   | 1 2 4 5 6 |  6.4
Conjurations   | 1 2 3 4 5 |  5.3
Hexes          | 1 2 3 4 5 |  5.3
Charms         | 1 2 3 4 5 |  5.3
Summonings     | 1 2 3 4 5 |  5.3
Necromancy     | 1 2 3 4 5 |  5.3
Translocations | 1 2 3 4 5 |  5.3
Transmutations | 1 2 3 4 5 |  5.3
Fire Magic     | 1 2 3 4 5 |  5.3
Ice Magic      | 1 2 3 4 5 |  5.3
Air Magic      | 1 2 3 4 5 |  5.3
Earth Magic    | 1 2 3 4 5 |  5.3
Poison Magic   | 1 2 3 4 5 |  5.3
Evocations     | 3 4 5 6 7 |  7.0
Polearms       | 7 8 9 |  9.2
Fighting       | 9 10 | 10.6
Stealth        | 5 6 7 |  7.7

Action                   |  1- 3 |  4- 6 |  7- 9 | 10-12 || total
-------------------------+-------+-------+-------+-------++-------
Melee: Spear             |   112 |   176 |   453 |   683 ||  1424
       Bite              |     3 |     9 |    70 |   130 ||   212
       Punch             |       |       |     7 |    18 ||    25
       War axe           |       |       |     9 |       ||     9
       Unarmed           |       |       |       |    14 ||    14
Invok: Bend Time         |       |       |       |     1 ||     1
Evoke: Wand              |       |       |       |    11 ||    11
  Use: Scroll            |       |     5 |    11 |     9 ||    25
       Potion            |       |       |     2 |     4 ||     6
 Stab: Sleeping          |    11 |    21 |     5 |     3 ||    40
       Distracted        |       |     2 |     1 |       ||     3
       Invisible         |       |       |       |    18 ||    18
  Eat: Chunk             |     2 |     6 |    12 |     7 ||    27
       Ration            |       |       |       |     1 ||     1
Armor: Robe              |    11 |    17 |     7 |       ||    35
       Scale mail        |       |       |     6 |       ||     6
       Chain mail        |       |       |    83 |   135 ||   218
       Skin              |       |       |       |    25 ||    25
Dodge: Dodged            |    32 |    71 |   115 |   269 ||   487
Block: Other             |       |    17 |    69 |    96 ||   182
       Reflection        |       |       |     1 |     3 ||     4
